 Dungeon Crawl Stone Soup version 0.28-a0-407-g69098e2f6d (webtiles) character file.

Game seed: 17624009263864402591

88 mg7810 the Covered (level 4, 0/41 HPs)
             Began as a Minotaur Fighter on Sept 6, 2021.
             Was a Follower of Zin.
             Slain by Sigmund (6 damage)
             ... on level 3 of the Dungeon.
             The game lasted 00:06:55 (1749 turns).

mg7810 the Covered (Minotaur Fighter)               Turns: 1749, Time: 00:06:55

Health: 0/41       AC:  9    Str: 22    XL:     4   Next: 29%
Magic:  3/3        EV:  8    Int:  5    God:    Zin [*.....]
Gold:   39         SH:  0    Dex:  9    Spells: 3/3 levels left

rFire   . . .      SeeInvis .   a - +0 war axe
rCold   . . .      Faith    .   c - +0 buckler
rNeg    . . .      Spirit   .   e - +0 chain mail
rPois   .          Reflect  .   (helmet restricted)
rElec   .          Harm     .   (no cloak)
rCorr   .          Rampage  .   (no gloves)
Will    .....                   (no boots)
Stlth   ..........              (no amulet)
HPRegen 0.13/turn               (no ring)
MPRegen 0.08/turn               (no ring)

@: confused, mighty, on recite cooldown
A: horns 2, retaliatory headbutt
a: Renounce Religion, Recite, Donate Gold


You were on level 3 of the Dungeon.
You worshipped Zin.
Zin was aware of your devotion.
You visited 1 branch of the dungeon, and saw 3 of its levels.

You collected 43 gold pieces.
You donated 4 gold pieces to Zin.

Inventory:

Hand Weapons
 a - a +0 war axe (weapon)
Armour
 c - a +0 buckler (worn)
 e - a +0 chain mail (worn)
Scrolls
 b - a scroll of fear {unknown}
 f - 3 scrolls of identify {unknown}
 h - a scroll of magic mapping {unknown}
 i - 3 scrolls of teleportation {unknown}
 j - a scroll of immolation {unknown}
 l - a scroll of vulnerability {unknown}
 m - a scroll of enchant armour {unknown}
 n - a scroll of silence {unknown}
 o - a scroll of torment {unknown}
Potions
 d - a potion of might
 g - 3 potions of haste
 k - a potion of lignification


   Skills:
 + Level 4.3 Fighting
 + Level 3.6 Axes
 + Level 4.6 Armour
 + Level 0.3 Dodging
 + Level 4.0 Shields


You had 3 spell levels left.
You didn't know any spells.
Your spell library contained the following spells:

 Spells                   Type           Power      Damage    Failure   Level
 Pain                     Necr           0%         1d4       99%         1
 Shock                    Conj/Air       0%         1d3       99%         1
 Swiftness                Air            0%         N/A       100%        3
 Airstrike                Air            0%         N/A       100%        4
 Agony                    Necr           0%         N/A       100%        5
 Excruciating Wounds      Necr           0%         N/A       100%        5


Dungeon Overview and Level Annotations

Branches:
Dungeon (3/15)

Altars:
Gozag
Zin

Shops:
D:2 (

Annotations:
D:3 Sigmund


Innate Abilities, Weirdness & Mutations

You have a pair of horns on your head.
You reflexively headbutt those who attack you in melee.


Message History

You feel less wooden.
Your +0 chain mail unmelds from your body.
Sigmund hits you from afar with a +0 scythe!
Sigmund casts a spell at you. The magic dart hits you.
Okay, then.
You closely miss Sigmund.
Sigmund smiles chillingly.
Sigmund hits you but does no damage.
You hit Sigmund.
Sigmund is moderately wounded.
Sigmund casts a spell at you.
You are confused.
You miss Sigmund. Your headbutt misses Sigmund.
Sigmund is moderately wounded.
Sigmund hits you with a +0 scythe.
You're too confused to move!
Sigmund hits you with a +0 scythe!
* * * LOW HITPOINT WARNING * * *
You feel very mighty all of a sudden.
You barely miss Sigmund. You headbutt Sigmund!
Sigmund is severely wounded.
Sigmund closely misses you.
You bump into the rock wall.
Sigmund mumbles some strange words.
Sigmund flickers and vanishes!
Deactivating autopickup; reactivate with Ctrl-A.
You completely miss something.
You feel less confused.
You hear some strange, mumbled words.
You are confused.
You hear some strange, mumbled words.
A puff of flame appears from out of thin air!
The puff of flame hits you.
* * * LOW HITPOINT WARNING * * *
You're too confused to move!
Something hits you.
* * * LOW HITPOINT WARNING * * *
You bump into the rock wall.
You miss something.
You bump into the rock wall.
Something hits you.
You die...

##.#########.#
##.# #.######
...# #......#
#### ######.#
##### #.#
....# #.#
....# #.#
....#
########.#
....+
......{@.#
....#
##########
....# ....#
##### # # # #


There were no monsters in sight!

Vanquished Creatures
  Jessica (D:3)
  An adder (D:2)
  A worm (D:2)
  4 dart slugs
  5 endoplasms
  2 giant cockroaches
  2 hobgoblins
  4 jackals
  A quokka (D:2)
  4 ball pythons
  A bat (D:2)
  3 frilled lizards
  4 goblins
  4 kobolds
  5 rats
42 creatures vanquished.

Notes
Turn   | Place    | Note
-------+----------+-------------------------------------------
     0 | D:1      | mg7810 the Minotaur Fighter began the quest for the Orb.
     0 | D:1      | Reached XP level 1. HP: 19/19 MP: 0/0
   147 | D:1      | Reached XP level 2. HP: 27/27 MP: 1/1
   786 | D:2      | Reached XP level 3. HP: 33/33 MP: 2/2
   960 | D:2      | Found an opulent altar of Gozag.
   965 | D:2      | Found Haigihue's Weapon Shop.
  1222 | D:3      | Noticed Jessica
  1226 | D:3      | Killed Jessica
  1227 | D:3      | Reached XP level 4. HP: 40/40 MP: 3/3
  1360 | D:3      | Found a faded altar of an unknown god.
  1390 | D:3      | Became a worshipper of Zin the Law-Giver
  1390 | D:3      | Reached * piety under Zin
  1720 | D:3      | Noticed Sigmund
  1749 | D:3      | Slain by Sigmund

Illustrated notes

Levels and vault maps discovered:
D:1:      amcnicky_arrival_flooded_fountain, layout_basic
D:2:      layout_rooms, serial_shops, nicolae_shop_statue_plus, basic_altar,
          hangedman_decor_opposing
D:3:      layout_basic, shapermc_ecumenical_altar_notcrosses, minmay_cupped,
          uniq_jessica, uniq_sigmund

Skill      XL: |  1  2  3 |
---------------+----------+-----
Fighting       | 4 |  4.3
Armour         | 4 |  4.6
Axes           | 3 |  3.6
Shields        | 4 |  4.0
Dodging        | |  0.3

Action                   |  1- 3 |  4- 6 || total
-------------------------+-------+-------++-------
Melee: War axe           |    81 |    26 ||   107
       Headbutt          |    13 |     3 ||    16
Invok: Recite            |       |     1 ||     1
  Use: Potion            |       |     2 ||     2
Armor: Chain mail        |    44 |    11 ||    55
       Skin              |       |     7 ||     7
Dodge: Dodged            |    24 |    11 ||    35
Block: Buckler           |    22 |     3 ||    25

Table legend: (Time is in decaauts)
 A = Elapsed time spent in this place.
 B = Non-inter-level travel time spent in this place.
 C = Inter-level travel time spent in this place.
 D = Time resting spent in this place.
 E = Time spent auto-exploring this place.
 F = Levels seen in this place.
 G = Mean time per level.
                   A        B        C        D        E       F      G
               +--------+--------+--------+--------+--------+-----+--------+
         Total |   1787 |   1776 |     11 |      0 |   1309 |   3 |  595.7 |
       Dungeon |   1787 |   1776 |     11 |      0 |   1309 |   3 |  595.7 |
               +--------+--------+--------+--------+--------+-----+--------+

Top non-repeatable levels by time:
     D:1: 750 daAuts
     D:3: 547 daAuts
     D:2: 489 daAuts
